 Dungeon Crawl Stone Soup version 0.29.1-1-gd02db6906a (webtiles) character file.

Game seed: 13225454376397924258

10 Ashen the Firebug (level 2, 14/20 HPs)
             Began as a Demonspawn Fire Elementalist on Oct 5, 2022.
             Got out of the dungeon alive.
             The game lasted 00:01:22 (291 turns).

Ashen the Firebug (Demonspawn Fire Elementalist)     Turns: 291, Time: 00:01:22

Health: 14/20      AC:  2    Str:  8    XL:     2   Next: 10%
Magic:  5/5        EV: 12    Int: 16    God:
Gold:   0          SH:  0    Dex: 13    Spells: 4/5 levels left

rFire   . . .      SeeInvis .   (no weapon)
rCold   . . .      Faith    .   (no shield)
rNeg    . . .      Spirit   .   a - +0 robe
rPois   .          Reflect  .   (no helmet)
rElec   .          Harm     .   (no cloak)
rCorr   .          Rampage  .   (no gloves)
Will    .....                   (no boots)
Stlth   ++........              (no amulet)
HPRegen 0.06/turn               (no ring)
MPRegen 0.18/turn               (no ring)

@: no status effects
A: magic regeneration
a: no special abilities


You escaped.
You visited 1 branch of the dungeon, and saw 1 of its levels.

Inventory:

Armour
 a - a +0 robe (worn)
 d - a +0 cloak
Scrolls
 c - a scroll of magic mapping {unknown}
Potions
 b - a potion of magic


   Skills:
 + Level 0.3 Fighting
 + Level 1.8 Dodging
 + Level 1.9 Stealth
 * Level 2.2 Spellcasting
 * Level 1.2 Conjurations
 * Level 2.8 Fire Magic


You had 4 spell levels left.
You knew the following spells:

 Your Spells              Type           Power      Damage    Failure   Level
a - Foxfire               Conj/Fire      32%        2x1d5     9%          1

Your spell library contained the following spells:

 Spells                   Type           Power      Damage    Failure   Level
 Scorch                   Fire           20%        2d6       10%         2
 Conjure Flame            Conj/Fire      8%         6-21      26%         3
 Inner Flame              Hex/Fire       6%         N/A       34%         3
 Flame Wave               Conj/Fire      8%         2d5       65%         4


Dungeon Overview and Level Annotations

Branches:
Dungeon (1/15)

Altars:

Shops:
D:1 *


Innate Abilities, Weirdness & Mutations

You regenerate magic rapidly.


Message History

Keep equipping yourself?
You stop putting on your armour.
The bat barely misses you. The bat hits you.
Casting: Foxfire (safe; 9% risk of failure)
Confirm with . or Enter, or press ? or * to list all spells.
You conjure some foxfire!
The bat hits you. The bat hits you but does no damage.
The bat barely misses you.
The foxfire hits the bat.
You kill the bat!
The bat hits you but does no damage. The bat hits you.
Casting: Foxfire (safe; 9% risk of failure)
Confirm with . or Enter, or press ? or * to list all spells.
You conjure some foxfire!
The endoplasm quivers.
The bat closely misses you.
The foxfire hits the bat.
You kill the bat!
The foxfire hits the endoplasm but does no damage.
You have reached level 2!
Your demonic ancestry asserts itself...
Your magic begins to regenerate rapidly.
Casting: Foxfire (safe; 9% risk of failure)
Confirm with . or Enter, or press ? or * to list all spells.
You conjure some foxfire!
The foxfire hits the endoplasm.
The endoplasm is moderately wounded.
The foxfire hits the endoplasm.
You kill the endoplasm!
You see here a bat corpse.
A rat comes into view.
You can't go up here!
Casting: Foxfire (safe; 9% risk of failure)
Confirm with . or Enter, or press ? or * to list all spells.
You conjure some foxfire!
The foxfire hits the rat.
You kill the rat!
Your foxfire dissipates!
You see here a +0 dagger.
There is an open door here.
There is a staircase leading out of the dungeon here.
Are you sure you want to leave the Dungeon?
This will make you lose the game!
You have escaped!

#.# #.# #.†##.##.#### #.# #.#
#..##.##.# #.###.####........#
######.##...##..##..#### #..
..........#.##÷###§## #.#
##†######...#≈.≈≈≈§≈# #.# #.#
#.....#≈≈.≈.§§# #.# #.#
#.###.#≈≈...§§#### #.# #.# #.#
#...≈.@.≈§...# #.# #.# #.#
###≈≈...≈≈#.∩# #.# #.# #.#
#≈≈.≈.≈≈##.####># ##.####.###
#≈.≈≈§.≈#.......###.#
#.........####+###'#####.#.......
#.#######.##....##.# ##.#.#####.#
#.##...##....##....###.###......#
#.#.....#.########....## ##.#####
#.......#.# #####.###.##


There were no monsters in sight!

Vanquished Creatures
  2 bats (D:1)
  An endoplasm (D:1)
  A giant cockroach (D:1)
  A goblin (D:1)
  2 hobgoblins (D:1)
  2 rats (D:1)
9 creatures vanquished.

Vanquished Creatures (others)
  21 foxfires (D:1)
21 creatures vanquished.

Grand Total: 30 creatures vanquished

Notes
Turn   | Place    | Note
-------+----------+-------------------------------------------
     0 | D:1      | Ashen the Demonspawn Fire Elementalist began the quest for
                  | the Orb.
     0 | D:1      | Reached XP level 1. HP: 13/13 MP: 3/3
   260 | D:1      | Gained mutation: You regenerate magic rapidly. [demonic
                  | ancestry]
   260 | D:1      | Reached XP level 2. HP: 12/19 MP: 1/5
   291 | D:$      | Got out of the dungeon alive.

Illustrated notes

Levels and vault maps discovered:
D:1:      ncdulo_lavacross, layout_loops_ring, serial_shops, shop,
          minmay_misc_feat_enclosed, chequers_serial_rivers_micro_d,
          dreamdust_wishing_well

Action                   || total
-------------------------++-------
Melee: Unarmed           ||     2
 Cast: Foxfire           ||    13
Armor: Robe              ||     4
Dodge: Dodged            ||     6
